 Dungeon Crawl Stone Soup version 0.21-a0-504-g2eda33064f (webtiles) character file.

76 Kaname the Conjurer (level 4, 30/30 HPs)
             Began as a Demonspawn Wizard on Nov 25, 2017.
             Quit the game on level 2 of the Dungeon.
             The game lasted 00:03:32 (1658 turns).

Kaname the Conjurer (Demonspawn Wizard)             Turns: 1658, Time: 00:03:33

Health: 30/30      AC:  3    Str:  7    XL:     4   Next: 12%
Magic:  0/8        EV: 12    Int: 23    God:
Gold:   65         SH:  0    Dex: 12    Spells: 3/9 levels left

rFire    . . .     SeeInvis .   f - -2 short sword (curse)
rCold    . . .     Gourm    .   (no shield)
rNeg     . . .     Faith    .   a - +0 robe
rPois    .         Spirit   .   b - +0 hat
rElec    .         Reflect  .   (no cloak)
rCorr    .         Harm     .   k - +0 pair of gloves
MR       .....                  (no boots)
Stlth    ++........             (no amulet)
HPRegen  0.10/turn              j - +3 ring of intelligence
MPRegen  0.11/turn              (no ring)

@: no status effects
A: horns 1, powered by death 1, sanguine armour 1
a: no special abilities


You were on level 2 of the Dungeon.
You were very hungry.

You visited 1 branch of the dungeon, and saw 2 of its levels.

You collected 65 gold pieces.

Inventory:

Hand Weapons
 f - a cursed -2 short sword (weapon)
Armour
 a - a +0 robe (worn)
 b - a +0 hat (worn)
 k - a +0 pair of gloves (worn)
Jewellery
 j - a +3 ring of intelligence (left hand)
Scrolls
 g - 2 scrolls of remove curse
 h - a scroll of blinking
 i - a scroll of enchant weapon
 l - a scroll of amnesia {unknown}
Potions
 e - a potion of lignification {unknown}
 m - a potion of agility {unknown}
 n - a potion of berserk rage {unknown}
Books
 c - a book of Minor Magic

   Spells                             Type                      Level
   a - Magic Dart                     Conjuration                  1
   b - Blink                          Translocation                2
   c - Call Imp                       Summoning                    2
   d - Slow                           Hexes                        2
   e - Conjure Flame                  Conjuration/Fire             3
   f - Mephitic Cloud                 Conjuration/Poison/Air       3
Comestibles
 d - a bread ration


   Skills:
 - Level 1.7 Dodging
 - Level 1.7 Stealth
 - Level 3.0 Spellcasting
 + Level 4.0 Conjurations
   Level 1.0 Summonings
 - Level 0.8 Translocations


You had 3 spell levels left.
You knew the following spells:

 Your Spells              Type           Power        Failure   Level  Hunger
a - Magic Dart            Conj           ###.         2%          1    None
b - Blink                 Tloc           N/A          12%         2    ##.....
c - Mephitic Cloud        Conj/Pois/Air  #.......     21%         3    ###....


Dungeon Overview and Level Annotations

Branches:
Dungeon (2/15)

Altars:


Innate Abilities, Weirdness & Mutations

You have a pair of small horns on your head.
You regenerate a little health from kills.
When seriously injured, your bleeding wounds create armour. (AC +0)


Message History

The gnoll is moderately wounded.
The gnoll is engulfed in noxious fumes.
The gnoll appears confused.
Casting: Mephitic Cloud
Confirm with . or Enter, or press ? or * to list all spells.
Aiming: Magic Dart
Press: ? - help, Shift-Dir - straight line, f/p - gnoll
Aim: a gnoll, wielding a halberd (heavily wounded, confused)
The magic dart hits the gnoll.
The gnoll is heavily wounded.
The gnoll barely misses you.
You hit the gnoll but do no damage.
The gnoll is heavily wounded.
The gnoll hits itself with a halberd.
You hit the gnoll.
You kill the gnoll!
Your Conjurations skill increases to level 4!
You have reached level 4!
You feel agile.
Your demonic ancestry asserts itself...
You feel your blood ready itself to protect you.
Are you sure you want to abandon this character and quit the game? (Confirm with "yes".)

# ... # #.# #
####.# # #.##.# #
#.####.##.# #
#.......#.#
#########.##.#####
...............)%#
#########.##.###@#
# #.##.# #.# #
#.##.###.# #
#.<......### #
#....###...#
###### #.#.# #.#.#
#.#.# ..#..


There were no monsters in sight!

Vanquished Creatures
  4 gnolls
  An ooze (D:1)
  A dart slug (D:1)
  3 giant cockroaches (D:1)
  4 goblins (D:1)
  4 hobgoblins (D:1)
  4 kobolds
  7 bats
  3 frilled lizards
  6 rats (D:1)
37 creatures vanquished.

Notes
Turn   | Place    | Note
-------+----------+-------------------------------------------
     0 | D:1      | Kaname the Demonspawn Wizard began the quest for the Orb.
     0 | D:1      | Reached XP level 1. HP: 13/13 MP: 4/4
   479 | D:1      | Reached skill level 2 in Conjurations
   481 | D:1      | Gained mutation: You have a pair of small horns on your head. [demonic ancestry]
   481 | D:1      | Reached XP level 2. HP: 19/19 MP: 0/6
   485 | D:1      | Learned a level 2 spell: Blink
   740 | D:1      | Reached skill level 3 in Conjurations
   740 | D:1      | Gained mutation: You regenerate a little health from kills. [demonic ancestry]
   740 | D:1      | Reached XP level 3. HP: 16/24 MP: 0/7
  1211 | D:1      | Learned a level 3 spell: Mephitic Cloud
  1657 | D:2      | Reached skill level 4 in Conjurations
  1657 | D:2      | Gained mutation: When seriously injured, your bleeding wounds create armour. (AC +0) [demonic ancestry]
  1657 | D:2      | Reached XP level 4. HP: 30/30 MP: 0/8
  1658 | D:2      | Quit the game

Vault maps used:
D:1:      minmay_arrival_hallway, minmay_misc_feat_square, minmay_misc_feat_tiny

Skill      XL: |  1  2  3 |
---------------+----------+-----
Conjurations   | 2 3 4 |  4.0
Dodging        | |  1.7
Stealth        | |  1.7
Spellcasting   | |  3.0
Summonings     | |  1.0
Translocations | |  0.8

Action                   |  1- 3 |  4- 6 || total
-------------------------+-------+-------++-------
Melee: Short sword       |    29 |       ||    29
       Unarmed           |     2 |       ||     2
       Headbutt          |     4 |       ||     4
 Cast: Magic Dart        |    66 |       ||    66
       Mephitic Cloud    |     2 |       ||     2
  Use: Scroll            |     4 |       ||     4
  Eat: Chunk             |     1 |       ||     1
Armor: Robe              |     7 |       ||     7
Dodge: Dodged            |    24 |       ||    24

Table legend:
 A = Spawn XP
 B = Non-spawn XP
 C = Spawn XP percentage of total XP
 D = Spawn monster count
 E = Non-spawn monster count
 F = Spawn count percentage of total count
 G = Total turns spent on level
                    A         B        C        D         E        F      G
               +---------+---------+-------+---------+---------+-------+---------
         Total |       0 |     109 |   0.0 |       0 |      37 |   0.0 |  1658
               +---------+---------+-------+---------+---------+-------+---------
           D:1 |       0 |      67 |   0.0 |       0 |      30 |   0.0 |  1331
           D:2 |       0 |      42 |   0.0 |       0 |       7 |   0.0 |   327
               +---------+---------+-------+---------+---------+-------+---------
